 Dungeon Crawl Stone Soup version 0.19.5 (webtiles) character file.

46 Kullungy the Sneak (level 3, -4/18 HPs)
             Began as a Spriggan Assassin on Mar 12, 2017.
             Slain by an orc
             ... wielding a +0 whip
              (6 damage)
             ... on level 3 of the Dungeon.
             The game lasted 00:13:12 (2477 turns).

Kullungy the Sneak (Spriggan Assassin)              Turns: 2477, Time: 00:13:13

Health: -4/18      AC:  3    Str:  7    XL:     3   Next: 44%
Magic:  4/4        EV: 18    Int: 12    God:
Gold:   101        SH:  0    Dex: 18    Spells: 0 memorised, 2 levels left

rFire  . . .     SeeInvis +     l - -1 dagger (curse)
rCold  . . .     Gourm    .     c - +0 robe
rNeg   . . .     Faith    .     (shield restricted)
rPois  .         Spirit   .     (helmet restricted)
rElec  .         Reflect  .     d - +0 cloak
rCorr  .         Harm     .     (gloves unavailable)
MR     .....                    (boots unavailable)
Stlth  ++++......               (no amulet)
                                (no ring)
                                (no ring)

@: very quick
A: unfitting armour, see invisible, herbivore 3, speed 3, slow metabolism 2
a: no special abilities


You were on level 3 of the Dungeon.
You were not hungry.

You visited 1 branch of the dungeon, and saw 3 of its levels.

You collected 101 gold pieces.

Inventory:

Hand Weapons
 a - a +2 dagger
 b - a +0 blowgun
 k - a +0 dagger
 l - a cursed -1 dagger (weapon)
 m - a -3 dagger
 n - a +0 hunting sling
 o - a +0 dagger
 p - a +0 short sword
 q - a +0 dagger
 s - a +0 hand axe
 v - a +4 dagger
Missiles
 e - 21 poisoned needles (quivered)
 f - 2 curare-tipped needles
 j - 9 sling bullets
 u - 46 stones
Armour
 c - a +0 robe (worn)
 d - a +0 cloak (worn)
 t - a +0 pair of boots
 w - a +0 robe
Scrolls
 r - a scroll of identify
Potions
 h - 2 potions of might
 i - 3 potions of curing {unknown}
Comestibles
 g - 3 bread rations


   Skills:
 + Level 1.7 Fighting
 + Level 2.5 Short Blades
 + Level 2.3 Throwing
 + Level 2.6 Dodging
 + Level 6.7 Stealth


You had 2 spell levels left.
You didn't know any spells.

Dungeon Overview and Level Annotations

Branches:
Dungeon (3/15)

Altars:
Zin


Innate Abilities, Weirdness & Mutations

You are very small and have problems with some larger weapons.
You are too small for most types of armour.
You have supernaturally acute eyesight. (SInv)
You are a herbivore.
You cover ground extremely quickly.
You need consume almost no food.


Message History

You hit the goblin but do no damage. The goblin completely misses you.
You hit the goblin.
The goblin is moderately wounded.
The goblin misses you.
You barely miss the goblin.
The goblin is moderately wounded.
The goblin completely misses you.
You hit the goblin.
You kill the goblin!
The orc throws a tomahawk.
The tomahawk hits you but does no damage.
You hit the orc but do no damage. The orc closely misses you.
You closely miss the orc. The orc closely misses you.
You hit the orc but do no damage. The orc hits you but does no damage.
You barely miss the orc. The orc barely misses you.
The orc wizard mumbles some strange words.
The orc wizard flickers and vanishes for a moment.
You closely miss the orc. The orc misses you.
You hit the orc but do no damage. The orc hits you with a whip.
You die...

### #(#
#@#
###o#
##.oo#
#.o#w#
#.#.o##
#.....#
##.....#
#......#
#.#....#


You could see a worm, an orc wizard (invisible) and 4 orcs.

Vanquished Creatures
  A leopard gecko (D:2)
  3 bats
  A giant cockroach (D:2)
  10 goblins
  2 hobgoblins (D:2)
  6 jackals
  A quokka (D:3)
  2 ball pythons
  3 frilled lizards
  4 kobolds
  8 rats
41 creatures vanquished.

Notes
Turn   | Place    | Note
-------+----------+-------------------------------------------
     0 | D:1      | Kullungy the Spriggan Assassin began the quest for the Orb.
     0 | D:1      | Reached XP level 1. HP: 10/10 MP: 2/2
   132 | D:1      | Reached skill level 6 in Stealth
   379 | D:1      | Reached XP level 2. HP: 14/14 MP: 3/3
  1335 | D:2      | Reached XP level 3. HP: 18/18 MP: 4/4
  2120 | D:2      | Found a glowing silver altar of Zin.
  2477 | D:3      | Slain by an orc

Skill      XL: |  1  2 |
---------------+-------+-----
Stealth        | 6 |  6.7
Dodging        | 2 |  2.6
Fighting       | |  1.7
Short Blades   | |  2.5
Throwing       | |  2.3

Action                   || total
-------------------------++-------
Melee: Dagger            ||   300
 Fire: Blowgun           ||    10
  Use: Scroll            ||     5
 Stab: Sleeping          ||     7
Armor: Robe              ||    41
Dodge: Dodged            ||   272
